 Dungeon Crawl Stone Soup version 0.20-a0-949-g916514f (webtiles) character file.

377 AlphabetPasta the Vexing (level 6, -15/45 HPs)
             Began as a Mummy Arcane Marksman on Apr 3, 2017.
             Demolished by Crazy Yiuf
             ... wielding a +2 quarterstaff of chaos
              (16 damage)
             ... on level 4 of the Dungeon.
             The game lasted 00:14:14 (2453 turns).

AlphabetPasta the Vexing (Mummy Arcane Marksman)    Turns: 2453, Time: 00:14:15

Health: -15/45     AC:  7    Str: 15    XL:     6   Next: 45%
Magic:  0/9        EV: 11    Int: 13    God:
Gold:   178        SH:  0    Dex: 12    Spells: 3/9 levels left

rFire    x . .     SeeInvis .   b - +1 hand crossbow
rCold    + . .     Gourm    .   (no shield)
rNeg     + + +     Faith    .   f - +0 ring mail
rPois    ∞         Spirit   +   p - +1 helmet
rElec    .         Reflect  .   (no cloak)
rCorr    .         Harm     .   (no gloves)
MR       .....                  (no boots)
Stlth    +.........             h - amulet of guardian spirit
Regen    0.2/turn               (no ring)
MPRegen  0.2/turn               (no ring)

@: no status effects
A: no food or potions, fire vulnerability, cold resistance 1, negative energy
resistance 3, torment resistance, unbreathing
a: no special abilities


You were on level 4 of the Dungeon.
You were not hungry.

You visited 1 branch of the dungeon, and saw 4 of its levels.

You collected 178 gold pieces.

Inventory:

Hand Weapons
 a - a +1 hand axe
 b - a +1 hand crossbow (weapon)
Missiles
 d - 88 bolts (quivered)
 n - 7 tomahawks of returning
Armour
 e - a +0 robe
 f - a +0 ring mail (worn)
 p - a +1 helmet (worn)
Jewellery
 h - an amulet of guardian spirit (around neck)
 m - an uncursed ring of flight {unknown}
Wands
 l - a wand of flame (26/48)
 o - a wand of digging (17/24)
 r - a wand of disintegration (1/24)
Scrolls
 g - 4 scrolls of identify
 i - 2 scrolls of teleportation
 j - 2 scrolls of enchant armour
 k - 2 scrolls of fog
 q - 3 scrolls of fear
Books
 c - a book of Debilitation

   Spells                             Type                      Level
   a - Corona                         Hexes                        1
   b - Slow                           Hexes                        2
   c - Inner Flame                    Hexes/Fire                   3
   d - Portal Projectile              Hexes/Translocation          3
   e - Cause Fear                     Hexes                        4
   f - Leda's Liquefaction            Hexes/Earth                  4


   Skills:
 + Level 2.3 Fighting
 * Level 2.0 Axes
 * Level 3.0 Crossbows
 + Level 1.4 Armour
 + Level 2.3 Dodging
 + Level 2.3 Spellcasting
 + Level 3.3 Hexes
 + Level 1.0 Evocations


You had 3 spell levels left.
You knew the following spells:

 Your Spells              Type           Power        Failure   Level  Hunger
a - Corona                Hex            ##.....      14%         1    N/A
b - Slow                  Hex            ##......     21%         2    N/A
c - Portal Projectile     Hex/Tloc       #.....       78%         3    N/A

Dungeon Overview and Level Annotations

Branches:
Dungeon (4/15)
 Temple: D:4-7

Altars:
Fedhas
Gozag
Kikubaaqudgha
Xom

Annotations:
D:4 Crazy Yiuf


Innate Abilities, Weirdness & Mutations

You do not eat or drink.
Your flesh is vulnerable to fire.
You are immune to poison.
Your flesh is cold resistant. (rC+)
You are immune to negative energy. (rN+++)
You are immune to unholy pain and torment.
You can survive without breathing.


Message History

Press: ? - help, Shift-Dir - straight line, f/p - Crazy Yiuf
Aim: Crazy Yiuf, wielding a quarterstaff of chaos and wearing a cloak (heavily wounded, unusually strong)
You shoot a bolt. The bolt hits Crazy Yiuf.
Crazy Yiuf is severely wounded.
Crazy Yiuf hits you with a quarterstaff of chaos.
Firing (i - inventory. (,) - cycle):
d - 90 bolts (quivered)
Press: ? - help, Shift-Dir - straight line, f/p - Crazy Yiuf
Aim: Crazy Yiuf, wielding a quarterstaff of chaos and wearing a cloak (severely wounded, unusually strong)
You shoot a bolt. The bolt hits Crazy Yiuf.
Crazy Yiuf is almost dead.
Crazy Yiuf hits you with a quarterstaff of chaos!
You convulse!
Firing (i - inventory. (,) - cycle):
d - 89 bolts (quivered)
Press: ? - help, Shift-Dir - straight line, f/p - Crazy Yiuf
Aim: Crazy Yiuf, wielding a quarterstaff of chaos and wearing a cloak (almost dead, unusually strong)
You shoot a bolt. The bolt barely misses Crazy Yiuf.
Crazy Yiuf hits you with a quarterstaff of chaos! x2
* * * LOW HITPOINT WARNING * * *
You convulse!
You die...

##.....#.#.##
######.†#.#
#..#.# #####
##.#.# #)(.#
#....######
#.(.#
#.....%...##
...
#.....###.##
#g#
#.)†......##
#@##
#....####.#.
##.#
#.....###.#.
#.##
#.%...†...#.
##.#
#.>..#......
##.##
#.%%..#.....
##...#
#%..........
#....#
#......##.(.
##..##
#......##...
#....#
#......##...


You could see Crazy Yiuf.

Vanquished Creatures
  An ogre (D:4)
  3 crimson imps
  An orc wizard (D:3)
  A worker ant (D:4)
  A worker ant zombie (D:4)
  Robin (D:2)
  7 adders
  An adder skeleton (D:4)
  A worm (D:4)
  A dart slug (D:2)
  A leopard gecko (D:2)
  2 orcs
  8 goblins
  11 hobgoblins
  2 jackals (D:3)
  A ball python (D:3)
  2 bats (D:1)
  2 frilled lizards (D:1)
  4 kobolds
  3 rats
54 creatures vanquished.

Vanquished Creatures (others)
  A human (D:4)
1 creature vanquished.

Grand Total: 55 creatures vanquished

Notes
Turn   | Place    | Note
-------+----------+-------------------------------------------
     0 | D:1      | AlphabetPasta the Mummy Arcane Marksman began the quest for the Orb.
     0 | D:1      | Reached XP level 1. HP: 15/15 MP: 2/2
   348 | D:1      | Reached XP level 2. HP: 19/21 MP: 4/4
   352 | D:1      | Learned a level 2 spell: Slow
   891 | D:2      | Found a blossoming altar of Fedhas.
   956 | D:2      | Reached skill level 1 in Armour
   956 | D:2      | Reached XP level 3. HP: 22/26 MP: 5/5
  1308 | D:3      | Noticed Robin
  1315 | D:2      | Killed Robin
  1399 | D:3      | Learned a level 2 spell: Slow
  1605 | D:3      | Reached XP level 4. HP: 27/33 MP: 5/7
  1610 | D:3      | Learned a level 3 spell: Portal Projectile
  2008 | D:3      | Found a shimmering altar of Xom.
  2063 | D:2      | Reached skill level 1 in Axes
  2075 | D:2      | Reached XP level 5. HP: 26/38 MP: 8/8
  2302 | D:4      | Found an opulent altar of Gozag.
  2364 | D:4      | Reached XP level 6. HP: 39/44 MP: 9/9
  2379 | D:4      | Reached skill level 1 in Evocations
  2408 | D:4      | Found an ancient bone altar of Kikubaaqudgha.
  2409 | D:4      | Noticed a human
  2411 | D:4      | Killed a human
  2444 | D:4      | Found a runed door.
  2448 | D:4      | Noticed Crazy Yiuf
  2453 | D:4      | HP: 1/45 [Crazy Yiuf/quarterstaff of chaos (13)]
  2453 | D:4      | Demolished by Crazy Yiuf

Vault maps used:
D:1:      minmay_arrival_three_doors
D:2:      fedhas_altar_2
D:3:      led_xom_imps, uniq_robin
D:4:      nicolae_tso_carved_into_rock, nicolae_gozag_seed_capital,
          led_sif_book, tgw_kikubaaqudgha, uniq_crazy_yiuf_cottage,
          uniq_blork_the_orc

Skill      XL: |  1  2  3  4  5  6 |
---------------+-------------------+-----
Armour         | 1 |  1.4
Crossbows      | 2 3 |  3.0
Hexes          | 3 |  3.3
Spellcasting   | 2 |  2.3
Fighting       | 2 |  2.3
Axes           | 1 2 |  2.0
Dodging        | 2 |  2.3
Evocations     | 1 |  1.0

Action                   |  1- 3 |  4- 6 || total
-------------------------+-------+-------++-------
Melee: Hand axe          |    27 |   110 ||   137
 Fire: Hand crossbow     |    77 |    42 ||   119
Evoke: Wand              |       |     6 ||     6
  Use: Scroll            |    10 |     5 ||    15
Armor: Ring mail         |    36 |    58 ||    94
       Robe              |     1 |       ||     1
Dodge: Dodged            |    61 |    83 ||   144
